General information
- name: BNet
- type: Ladder team game (AT/RT)
- host: Battle.net
- saver: brucewillisusa
map: FullScaleAssault
- players: 8
- length: 25:21
- speed: Fast
- version: 1.24 W3XP
- replay type: Public
» download(140 KB)
Players
team 1 (loser)
Padu (
orange | 67 APM | 1401 actions | 20:54)
8 Shadow Hunter
3 Healing Wave
3 Hex
1 Serpent Ward
1 Big Bad Voodoo
» actions
| Assign group hotkey | 87 | |
| Basic commands | 4 | |
| Build / train | 96 | |
| Enter build submenu | 12 | |
| Enter hero's abilities submenu | 8 | |
| Remove unit from queue | 4 | |
| Right click | 835 | |
| Select / deselect | 148 | |
| Select group hotkey | 169 | |
| Use ability | 38 | |
1401 total
» units
| Peon | 6 | |
| Grunt | 5 | |
| Wind Rider | 60 | |
| Raider | 2 | |
73 total
» upgrades
| Pillage | 1 | |
| Armor | 2 | |
| Melee Weapons | 1 | |
| Ranged Weapons | 2 | |
| Envenomed Spears | 1 | |
| Ensnare | 1 | |
8 total
» buildings
| Orc Burrow | 6 | |
| Barracks | 1 | |
| Altar of Storms | 1 | |
| Stronghold | 1 | |
| War Mill | 1 | |
| Voodoo Lounge | 1 | |
| Fortress | 1 | |
| Beastiary | 2 | |
14 total
» build order
00:18 Orc Burrow
00:35 Barracks
00:45 Orc Burrow
01:26 Altar of Storms
02:59 Orc Burrow
04:32 Stronghold
04:35 War Mill
06:02 Voodoo Lounge
06:15 Orc Burrow
06:56 Fortress
07:03 Beastiary
07:04 Beastiary
08:44 Orc Burrow
09:57 Orc Burrow

»
itsallyourfault (
red | 63 APM | 935 actions | 14:56)
5 Archmage
3 Summon Water Elemental
2 Brilliance Aura
1 Mountain King
1 Storm Bolt
» actions
| Assign group hotkey | 2 | |
| Basic commands | 67 | |
| Build / train | 59 | |
| Enter build submenu | 19 | |
| Enter hero's abilities submenu | 6 | |
| Give item / drop item | 1 | |
| Right click | 425 | |
| Select / deselect | 215 | |
| Select group hotkey | 97 | |
| Use ability | 44 | |
935 total
» units
» upgrades
| Gunpowder | 2 | |
| Armor | 2 | |
| Long Rifles | 1 | |
| Lumber Harvesting | 1 | |
6 total
» buildings
| Altar of Kings | 1 | |
| Farm | 10 | |
| Lumber Mill | 2 | |
| Blacksmith | 1 | |
| Barracks | 2 | |
| Scout Tower | 1 | |
| Guard Tower | 1 | |
| Arcane Vault | 1 | |
| Keep | 1 | |
| Town Hall | 1 | |
| Castle | 1 | |
22 total
» build order
00:24 Altar of Kings
00:38 Farm
01:18 Farm
01:25 Lumber Mill
01:31 Lumber Mill
01:44 Blacksmith
02:07 Barracks
02:24 Farm
02:33 Scout Tower
03:26 Barracks
03:33 Guard Tower
03:35 Farm
03:57 Arcane Vault
04:38 Farm
05:15 Farm
06:47 Farm
07:09 Keep
08:46 Town Hall
11:29 Farm
11:31 Farm
11:32 Farm
13:08 Castle
» items
| Scroll of Regeneration | 1 | |
| Scroll of Town Portal | 1 | |
2 total
Superrrbadd (
green | 68 APM | 1702 actions | 25:00)
5 Archmage
3 Summon Water Elemental
2 Blizzard
» actions
| Assign group hotkey | 43 | |
| Basic commands | 65 | |
| Build / train | 73 | |
| Enter build submenu | 34 | |
| Enter hero's abilities submenu | 6 | |
| Remove unit from queue | 3 | |
| Right click | 540 | |
| Select / deselect | 510 | |
| Select group hotkey | 337 | |
| Use ability | 91 | |
1702 total
» units
| Peasant | 8 | |
| Rifleman | 6 | |
| Mortar Team | 6 | |
| Sorceress | 6 | |
| Siege Engine | 6 | |
| Dragonhawk Rider | 11 | |
| Knight | 2 | |
| Troll Batrider | 6 | |
51 total
» upgrades
| Gunpowder | 3 | |
| Armor | 1 | |
| Sorceress Training | 1 | |
| Fragmentation Shards | 1 | |
| Flare | 1 | |
| Barrage | 1 | |
| Masonry | 1 | |
| Storm Hammers | | |
| Swords | 1 | |
10 total
» buildings
| Altar of Kings | 1 | |
| Farm | 13 | |
| Blacksmith | 1 | |
| Barracks | 1 | |
| Keep | 1 | |
| Arcane Vault | 1 | |
| Lumber Mill | 1 | |
| Castle | 1 | |
| Workshop | 2 | |
| Arcane Sanctum | 1 | |
23 total
» build order
00:03 Altar of Kings
00:06 Farm
00:52 Blacksmith
01:06 Barracks
02:00 Farm
02:05 Farm
02:58 Farm
04:36 Keep
05:28 Arcane Vault
05:52 Farm
06:34 Lumber Mill
06:37 Farm
06:42 Farm
07:00 Castle
07:36 Workshop
08:40 Workshop
09:49 Arcane Sanctum
11:16 Farm
11:55 Farm
12:56 Farm
13:35 Farm
16:50 Farm
22:57 Farm
» items
WhiteFangZ (
teal | 47 APM | 1180 actions | 25:19)
2 Blademaster
1 Wind Walk
1 Critical Strike
» actions
| Assign group hotkey | 17 | |
| Basic commands | 85 | |
| Build / train | 69 | |
| ESC pressed | 3 | |
| Enter build submenu | 18 | |
| Enter hero's abilities submenu | 2 | |
| Remove unit from queue | 2 | |
| Right click | 362 | |
| Select / deselect | 248 | |
| Select group hotkey | 344 | |
| Use ability | 30 | |
1180 total
» units
| Peon | 9 | |
| Grunt | 3 | |
| Troll Headhunter/Berserker | 30 | |
| Shaman | 4 | |
| Troll Batrider | 9 | |
55 total
» upgrades
| Ranged Weapons | 2 | |
| Armor | 1 | |
| Troll Regeneration | 1 | |
| Berserker Upgrade | 1 | |
| Shaman Training | 2 | |
| Storm Hammers | 0 | |
7 total
» buildings
| Barracks | 2 | |
| Orc Burrow | 6 | |
| Altar of Storms | 1 | |
| War Mill | 1 | |
| Stronghold | 1 | |
| Fortress | 1 | |
| Watch Tower | 1 | |
| Spirit Lodge | 1 | |
| Workshop | 2 | |
| Gryphon Aviary | 2 | |
18 total
» build order
00:06 Barracks
00:31 Orc Burrow
00:58 Altar of Storms
01:41 Orc Burrow
02:47 War Mill
02:55 Orc Burrow
05:54 Stronghold
06:02 Barracks
06:06 Orc Burrow
07:01 Orc Burrow
10:40 Fortress
12:54 Watch Tower
13:15 Spirit Lodge
14:42 Orc Burrow
15:40 Workshop
15:51 Workshop
16:48 Gryphon Aviary
16:51 Gryphon Aviary
team 2 (winner)

»
brucewillisusa (
blue | 89 APM | 2258 actions | 25:21)
8 Death Knight
3 Death Coil
3 Unholy Aura
2 Animate Dead
8 Priestess of the Moon
3 Scout
3 Trueshot Aura
1 Starfall
1 Searing Arrows
6 Lich
3 Frost Nova
2 Dark Ritual
1 Death and Decay
» actions
| Assign group hotkey | 91 | |
| Basic commands | 156 | |
| Build / train | 161 | |
| ESC pressed | 5 | |
| Enter build submenu | 39 | |
| Enter hero's abilities submenu | 27 | |
| Give item / drop item | 2 | |
| Right click | 560 | |
| Select / deselect | 409 | |
| Select group hotkey | 682 | |
| Use ability | 126 | |
2258 total
» units
| Acolyte | 13 | |
| Ghoul | 6 | |
| Wisp | 10 | |
| Archer | 2 | |
| Huntress | 5 | |
| Goblin Shredder | 1 | |
| Dryad | 13 | |
| Druid of the Talon | 16 | |
| Crypt Fiend | 21 | |
| Frost Wyrm | 9 | |
| Chimaera | 7 | |
103 total
» upgrades
| Freezing Breath | 1 | |
| Creature Attack | 3 | |
| Abolish Magic | 1 | |
| Corrosive Breath | 1 | |
| Web | 1 | |
| Creature Carapace | 1 | |
8 total
» buildings
| Crypt | 1 | |
| Ziggurat | 12 | |
| Altar of Darkness | 1 | |
| Nerubian Tower | 1 | |
| Moon Well | 6 | |
| Halls of the Dead | 1 | |
| Graveyard | 2 | |
| Hunter's Hall | 1 | |
| Tree of Ages | 3 | |
| Tomb of Relics | 1 | |
| Black Citadel | 3 | |
| Sacrificial Pit | 1 | |
| Necropolis | 2 | |
| Tree of Life | 1 | |
| Tree of Eternity | 1 | |
| Ancient of Lore | 3 | |
| Ancient of Wind | 1 | |
| Boneyard | 3 | |
| Chimaera Roost | 2 | |
46 total
» build order
00:09 Crypt
00:10 Ziggurat
00:39 Altar of Darkness
00:58 Ziggurat
02:53 Nerubian Tower
03:08 Moon Well
03:18 Halls of the Dead
04:04 Graveyard
04:27 Hunter's Hall
04:29 Tree of Ages
04:30 Tree of Ages
04:47 Moon Well
04:55 Ziggurat
04:57 Tomb of Relics
05:41 Black Citadel
05:45 Sacrificial Pit
05:49 Ziggurat
05:49 Ziggurat
06:09 Necropolis
06:31 Tree of Life
06:56 Tree of Eternity
07:07 Ancient of Lore
07:09 Ancient of Wind
08:07 Boneyard
08:08 Boneyard
08:09 Boneyard
08:10 Ziggurat
11:37 Chimaera Roost
11:37 Chimaera Roost
11:51 Graveyard
11:52 Black Citadel
11:53 Black Citadel
12:41 Moon Well
12:41 Moon Well
12:58 Ziggurat
15:59 Necropolis
17:18 Ancient of Lore
17:53 Moon Well
17:53 Moon Well
24:28 Ziggurat
24:28 Ziggurat
24:28 Ziggurat
24:29 Ziggurat
» items
| Boots of Speed | 1 | |
| Scroll of Healing | 1 | |
| Orb of Corruption | 2 | |
| Rod of Necromancy | 2 | |
| Scroll of Town Portal | 2 | |
8 total
SpongeBoB-Rockz (
pink | 11 APM | 290 actions | 25:20)
2 Demon Hunter
1 Immolation
1 Evasion
1 Priestess of the Moon
1 Trueshot Aura
» actions
| Basic commands | 9 | |
| Build / train | 41 | |
| Enter build submenu | 11 | |
| Enter hero's abilities submenu | 4 | |
| Right click | 66 | |
| Select / deselect | 136 | |
| Use ability | 23 | |
290 total
» units
» upgrades
| Strength of the Wild | 1 | |
| Reinforced Hides | 1 | |
| Abolish Magic | 1 | |
3 total
» buildings
| Moon Well | 5 | |
| Altar of Elders | 1 | |
| Ancient of War | 1 | |
| Ancient of Wonders | 1 | |
| Hunter's Hall | 1 | |
| Tree of Ages | 1 | |
| Ancient of Lore | 1 | |
| Ancient of Wind | 1 | |
12 total
» build order
00:27 Moon Well
00:44 Altar of Elders
00:56 Moon Well
01:38 Ancient of War
02:12 Ancient of Wonders
02:48 Hunter's Hall
03:14 Tree of Ages
04:09 Moon Well
05:16 Moon Well
05:40 Ancient of Lore
06:22 Moon Well
06:54 Ancient of Wind

»
darktrooper013 (
yellow | 15 APM | 37 actions | 02:30)
» actions
| Build / train | 7 | |
| Enter build submenu | 4 | |
| Right click | 7 | |
| Select / deselect | 15 | |
| Use ability | 4 | |
37 total
» units
» buildings
| Ancient of War | 1 | |
| Altar of Elders | 1 | |
| Moon Well | 2 | |
4 total
» build order
00:15 Ancient of War
00:27 Altar of Elders
01:48 Moon Well
02:20 Moon Well
TheGreatScourge (
purple | 37 APM | 334 actions | 08:56)
3 Death Knight
1 Unholy Aura
1 Death Coil
1 Death Pact
» actions
| Assign group hotkey | 5 | |
| Basic commands | 7 | |
| Build / train | 27 | |
| ESC pressed | 4 | |
| Enter build submenu | 15 | |
| Enter hero's abilities submenu | 3 | |
| Remove unit from queue | 1 | |
| Right click | 113 | |
| Select / deselect | 82 | |
| Select group hotkey | 58 | |
| Use ability | 19 | |
334 total
» units
| Acolyte | 2 | |
| Ghoul | 13 | |
| Crypt Fiend | 1 | |
16 total
» upgrades
» buildings
| Altar of Darkness | 1 | |
| Ziggurat | 5 | |
| Crypt | 2 | |
| Tomb of Relics | 1 | |
| Nerubian Tower | 2 | |
| Halls of the Dead | 1 | |
| Graveyard | 1 | |
13 total
» build order
00:07 Altar of Darkness
00:10 Ziggurat
00:15 Crypt
01:08 Ziggurat
01:36 Tomb of Relics
02:03 Nerubian Tower
02:17 Crypt
03:13 Ziggurat
04:24 Halls of the Dead
05:15 Nerubian Tower
05:45 Graveyard
07:06 Ziggurat
07:14 Ziggurat
» items
Chat log
(00:14 / All) Superrrbadd: spongebob got raped last game
(00:19 / All) Superrrbadd: he sucks
(00:20 / All) Superrrbadd: kill him
(00:25 / All) Superrrbadd: trust me
(00:27 / All) Superrrbadd: kil him
(00:29 / All) TheGreatScourge: back off our teal.
(00:42 / All) itsallyourfault: YOU DONT OWN HIM
(00:43 / All) brucewillisusa: judging by early base builds
(00:46 / All) brucewillisusa: hes not the worst on our team
(01:01 / All) Superrrbadd: i played him with my other account fatc0ck
(01:25 / All) TheGreatScourge: k.
(01:52 / Allies) brucewillisusa: 2 of them are raced as orc
(01:57 / Allies) brucewillisusa: i bet u can count on a bm harass
(01:59 / Allies) brucewillisusa: at some point
(02:13 / Allies) brucewillisusa: dark trooper
(02:18 / Allies) brucewillisusa: hold ALT and press Q Q to reveal the map
(02:34 / Allies) SpongeBoB-Rockz: lol
(02:37 / Allies) brucewillisusa: he was really bad
(02:37 / Allies) TheGreatScourge: lol
(02:38 / Allies) brucewillisusa: lol
(02:43 / Allies) TheGreatScourge: you got him?
(02:45 / Allies) TheGreatScourge: lol
(02:51 / Allies) brucewillisusa: ya
(02:55 / Allies) TheGreatScourge: pro
(02:56 / Allies) TheGreatScourge: as
(02:57 / Allies) TheGreatScourge: hell
(04:34 / Allies) brucewillisusa: yep bm harass
(04:41 / Allies) TheGreatScourge: ill cover
(07:38 / Allies) brucewillisusa: stay b
(07:39 / Allies) brucewillisusa: tp all
(08:42 / Allies) TheGreatScourge: wow sry
(08:48 / All) Superrrbadd: i told you spongebob sucks
(08:54 / All) TheGreatScourge: was me.
(09:04 / All) WhiteFangZ: gg
(09:59 / Allies) SpongeBoB-Rockz: wow no
(09:59 / All) brucewillisusa: yawn
(20:47 / All) brucewillisusa: 1v4
(20:49 / All) brucewillisusa: trash
(20:57 / All) Superrrbadd: whos the one?
(20:57 / All) brucewillisusa: and no this guy is not helping me right now
(21:03 / All) SpongeBoB-Rockz: for fact it was
(21:11 / All) Superrrbadd: teal sucks
(21:14 / All) WhiteFangZ: lol
(21:15 / All) SpongeBoB-Rockz: nope im watching
(21:16 / All) Superrrbadd: mass hh
(21:21 / All) WhiteFangZ: green just blames it on me
(21:26 / All) SpongeBoB-Rockz: lol
(21:29 / All) Superrrbadd: cause yoau massed hh
(21:31 / All) WhiteFangZ: ?
(21:34 / All) WhiteFangZ: Hh are good
(21:40 / All) Superrrbadd: they suck
(21:43 / All) WhiteFangZ: lol
(21:50 / All) Superrrbadd: they had chims
(21:51 / All) WhiteFangZ: then i dunno what orc person u watch
(21:55 / All) Superrrbadd: you coulda got bats
(22:05 / All) SpongeBoB-Rockz: i was laugh cause when they start loseing they say things
(22:18 / All) Superrrbadd: just leave
(22:23 / All) Superrrbadd: you did nothing
(22:30 / All) Superrrbadd: you dont deserve it
(22:33 / All) Superrrbadd: its all blue
(22:37 / All) SpongeBoB-Rockz: i know but its funny blues owning u
(22:45 / All) Superrrbadd: blue and yellow
(22:51 / All) SpongeBoB-Rockz: yellow left
(22:57 / All) SpongeBoB-Rockz: its him alone
(22:59 / All) brucewillisusa: its me running 3 bases
(23:30 / All) SpongeBoB-Rockz: and so funny thet 1 man is beating 4
(23:45 / All) WhiteFangZ: u dont get to laugh
(23:47 / All) WhiteFangZ: u did nothign
(23:53 / All) brucewillisusa: to be fair one of them left a while ago
(23:58 / All) WhiteFangZ: yea
(23:59 / All) SpongeBoB-Rockz: i was hit at 1st so stfu
(24:08 / All) WhiteFangZ: yea u usck
(24:11 / All) brucewillisusa: spongebob please play solo from now on and not rt
(24:12 / All) WhiteFangZ: i saw ur base
(24:13 / All) SpongeBoB-Rockz: ty
(24:20 / All) WhiteFangZ: so i was like lets rpae the noob
(24:27 / All) SpongeBoB-Rockz: yea
(24:32 / All) SpongeBoB-Rockz: and u paid for it
(24:39 / All) WhiteFangZ: u dont get to gloat
(24:40 / All) WhiteFangZ: u did jack
(24:52 / All) SpongeBoB-Rockz: i do im on blues team
(24:57 / All) SpongeBoB-Rockz: dont cry
(25:04 / All) WhiteFangZ: u suck
(25:06 / All) SpongeBoB-Rockz: i didnt
(25:13 / All) WhiteFangZ: u dont deserve the win
(25:15 / All) WhiteFangZ: gg blue
(25:16 / All) SpongeBoB-Rockz: i know
(25:16 / All) WhiteFangZ: ur good
(25:19 / All) brucewillisusa: gg